 Dungeon Crawl Stone Soup version 0.29.1-2-gbd0b4ee654 (webtiles) character file.

Game seed: 11780891736837906237

4732 Lutefisk the Nimble (level 10, -2/72 HPs)
             Began as an Octopode Transmuter on Nov 13, 2022.
             Killed from afar by Erica (61 damage)
             ... with a bolt of poison
             ... on level 9 of the Dungeon.
             The game lasted 00:41:10 (6789 turns).

Lutefisk the Nimble (Octopode Transmuter)           Turns: 6789, Time: 00:41:15

Health: -2/72      AC:  2    Str:  9    XL:     10   Next: 46%
Magic:  9/13       EV: 28    Int: 21    God:
Gold:   321        SH:  0    Dex: 23    Spells: 3/13 levels left

rFire   . . .      SeeInvis .     - Unarmed
rCold   . . .      Faith    .   (shield currently unavailable)
rNeg    + . .      Spirit   .   (helmet currently unavailable)
rPois   x          Reflect  .   (no amulet)
rElec   .          Harm     .   o - ring of willpower
rCorr   .          Rampage  .   B - +6 ring of intelligence
Will    +....                   E - ring of positive energy
Stlth   ++........              (no ring)
HPRegen 0.22/turn               (no ring)
MPRegen 0.13/turn               (no ring)
                                (no ring)
                                (no ring)

@: lethally poisoned (-2 -> -32), spider-form
A: venomous fangs, almost no armour, (amphibious), 8 rings, tiny, (camouflage
1), (gelatinous body 1), (nimble swimmer 1), (tentacles)
a: End Transformation


You were on level 9 of the Dungeon.
You were a venomous arachnid creature.
You visited 2 branches of the dungeon, and saw 10 of its levels.
You also visited: Ossuary.

You collected 363 gold pieces.
You spent 42 gold pieces at shops.

Inventory:

Hand Weapons
 m - a +0 sling (melded)
Missiles
 u - 3 boomerangs of dispersal (quivered)
 z - 2 silver boomerangs
 F - 19 poisoned darts
Armour
 w - a +0 kite shield
Magical Staves
 v - a staff of conjuration
Jewellery
 o - a ring of willpower (left front leg)
 B - a +6 ring of intelligence (right front leg)
 E - a ring of positive energy (on tentacle)
Wands
 p - a wand of quicksilver (2)
 C - a wand of flame (26)
Scrolls
 c - 2 scrolls of poison {unknown}
 d - 4 scrolls of immolation {unknown}
 e - 4 scrolls of identify {unknown}
 h - a scroll of blinking {unknown}
 i - 2 scrolls of magic mapping {unknown}
 j - 3 scrolls of teleportation {unknown}
 l - 2 scrolls of noise {unknown}
 q - a scroll of enchant weapon {unknown}
 t - 2 scrolls of silence {unknown}
 y - 3 scrolls of fear {unknown}
 D - a scroll of summoning {unknown}
 G - a scroll of vulnerability {unknown}
 H - a scroll of brand weapon {unknown}
Potions
 a - 3 potions of lignification
 b - 3 potions of heal wounds {unknown}
 f - 2 potions of curing
 g - 2 potions of berserk rage {unknown}
 k - 4 potions of brilliance {unknown}
 n - 2 potions of might
 r - a potion of invisibility {unknown}
 s - a potion of magic {unknown}
 x - 2 potions of degeneration {unknown}
 A - a potion of flight {unknown}


   Skills:
 - Level 8.0 Fighting
 - Level 8.0 Dodging
 - Level 2.0 Stealth
 - Level 8.0 Unarmed Combat
 - Level 2.0 Spellcasting
 * Level 6.2 Transmutations
 - Level 2.0 Ice Magic
 - Level 2.0 Poison Magic
 - Level 2.0 Evocations


You had 3 spell levels left.
You knew the following spells:

 Your Spells              Type           Power      Damage    Failure   Level
a - Beastly Appendage     Tmut           56%        N/A       5%          1
b - Wereblood             Tmut           28%        N/A       8%          2
c - Spider Form           Tmut/Pois      19%        N/A       22%         3
d - Ice Form              Ice/Tmut       19%        N/A       47%         4

Your spell library contained the following spells:

 Spells                   Type           Power      Damage    Failure   Level
 Summon Small Mammal      Summ           8%         N/A       32%         1
 Poisonous Vapours        Pois/Air       12%        N/A       32%         2
 Ignite Poison            Fire/Tmut/Pois 13%        N/A       32%         3
 Call Canine Familiar     Summ           2%         N/A       63%         3
 Conjure Flame            Conj/Fire      2%         6-21      63%         3
 Gell's Gravitas          Tloc           2%         N/A       63%         3
 Lesser Beckoning         Tloc           2%         N/A       63%         3
 Summon Guardian Golem    Hex/Summ       2%         N/A       63%         3
 Teleport Other           Tloc           2%         N/A       63%         3
 Corpse Rot               Necr/Pois/Air  4%         N/A       89%         4
 Sticky Flame             Conj/Fire      2%         2d3       93%         4


Dungeon Overview and Level Annotations

Branches:
Dungeon (9/15)             Temple (1/1) D:7         Ossuary (visited)
   Lair: D:8-11         Orc: D:9-12

Altars:
Ashenzari
Cheibriados
Dithmenos
Elyvilon
Fedhas
Gozag
Hepliaklqana
Kikubaaqudgha
Makhleb
Nemelex Xobeh
Okawaru
Qazlal
Ru
Sif Muna
Trog
Uskayaw
Vehumet
Wu Jian
Xom
Yredelemnul
Zin
The Shining One

Shops:
D:2 [!(=   D:6 :(

Annotations:
D:3 Grinder
D:9 Erica


Innate Abilities, Weirdness & Mutations

You are a venomous arachnid creature.
You have poisonous fangs.
You are tiny and dextrous.
Your spellcasting is less reliable in this form.
Your armour is entirely melded.
You are incapable of wielding weapons or throwing items.
You cannot wear most types of armour.
((You are amphibious.))
You can wear up to eight rings at the same time.
((Your skin changes colour to match your surroundings (Stealth+).))
((Your rubbery body absorbs attacks. (AC +1, EV +1)))
((You are camouflaged when in or above water. (Stealth+)))
((You have tentacles for arms and can constrict up to eight enemies at once.))


Message History

You punch the killer bee! You freeze the killer bee.
You kill the killer bee!
The killer bee completely misses you.
Training target 8.0 for Unarmed Combat reached!
Your Unarmed Combat skill increases to level 8!
You barely miss the killer bee.
The killer bee is heavily wounded.
The killer bee misses you. The killer bee barely misses you.
You punch the killer bee! You freeze the killer bee.
You kill the killer bee!
The killer bee barely misses you. x2
You barely miss the killer bee. The killer bee misses you.
The killer bee stings you.
You closely miss the killer bee. The killer bee misses you.
The killer bee completely misses you.
You closely miss the killer bee. The killer bee closely misses you.
Erica the Fiery-Tempered comes into view.
She is wielding a +1 scimitar of flaming.
Erica shouts!
You hit the killer bee. You freeze the killer bee.
The killer bee is lightly wounded.
The killer bee stings you but does no damage.
The killer bee closely misses you.
Erica says, "Fast and perfect.
Such is my way of killing."
You punch the killer bee! You freeze the killer bee.
You kill the killer bee!
You warm up again.
Your +0 sling unmelds from your body.
Casting: Ice Form (dangerous; 26% risk of failure)
Confirm with . or Enter, or press ? or * to list all spells.
You turn into a venomous arachnid creature.
Your +0 sling melds into your body.
You bite Erica!
Erica is poisoned.
Erica is lightly wounded.
You hit Erica.
Erica is lightly wounded.
Erica points at you and mumbles some strange words.
The bolt of poison hits you!!!
You are poisoned.
Ouch! That really hurt!
You die...

##.(...# #...####...[...........
##....# #.....................
#.....## ##.............?......
##......#####............y......#
#...##...##........######.......#
#).#####.....###...# #.......#
..## ####### #...# #.......# ..#
##@## y..###..# #.# #s†# .y## ..#
#.# ##..# #.# ##..## #.# ##.###
..# #.## ..# ### ..# .## ##


You could see Erica (very poisoned).

Vanquished Creatures
  Maggie (D:9)
  Sigmund (D:6)
  A wyvern (D:9)
  3 yaks
  Menkaure (D:5)
  2 water moccasins
  4 sky beasts
  An ice beast (D:5)
  A black bear (D:6)
  4 ogres
  2 centaurs
  2 bullfrogs
  2 kobold brigands
  2 necrophages
  A gnoll sergeant (D:5)
  5 scorpions
  8 wights
  4 killer bees (D:9)
  4 howler monkeys
  5 hounds (D:5)
  2 jellies
  4 orc priests
  Crazy Yiuf (D:7)
  2 gnoll boudas (D:8)
  2 iguanas
  Ijyb (D:4)
  3 orc wizards
  A mummy (Ossuary)
  10 gnolls
  4 adders (D:2)
  2 shadow imps (D:6)
  An ufetubus (D:5)
  7 worms
  2 dart slugs
  14 orcs
  2 spectral bats (Ossuary)
  3 ball pythons
  An endoplasm (D:4)
  5 giant cockroaches
  12 gnoll zombies (Ossuary)
  6 goblins
  5 hobgoblins
  10 jackals
  14 kobolds
  2 bats
  2 frilled lizards (D:3)
  5 goblin zombies (Ossuary)
  5 hobgoblin zombies (Ossuary)
  5 kobold zombies (Ossuary)
  3 orc zombies (Ossuary)
  2 rats
  A spectral goblin (Ossuary)
  4 spectral kobolds (Ossuary)
197 creatures vanquished.

Vanquished Creatures (others)
  A fungus (D:7)
1 creature vanquished.

Grand Total: 198 creatures vanquished

Notes
Turn   | Place    | Note
-------+----------+-------------------------------------------
     0 | D:1      | Lutefisk the Octopode Transmuter began the quest for the
                  | Orb.
     0 | D:1      | Reached XP level 1. HP: 13/13 MP: 3/3
   134 | D:1      | Reached XP level 2. HP: 12/19 MP: 3/5
   161 | D:2      | Learned a level 2 spell: Wereblood
   321 | D:2      | Found Mephid's Armour Shop.
   423 | D:2      | Reached XP level 3. HP: 4/26 MP: 6/6
   716 | D:2      | Found Xoegy's Distillery.
   735 | D:2      | Bought a potion of curing for 42 gold pieces
   741 | D:2      | Found Yjanwist's Weapon Boutique.
   773 | D:2      | Found Lexkush's Jewellery Shoppe.
   803 | D:2      | Reached XP level 4. HP: 19/31 MP: 7/7
   988 | D:2      | Learned a level 3 spell: Spider Form
  1257 | D:3      | Reached skill level 1 in Poison Magic
  1301 | D:3      | Noticed Grinder
  1372 | D:3      | You fall into a shaft and drop 2 floors!
  1372 | D:5      | Entered Level 5 of the Dungeon
  1388 | D:5      | Noticed a scorpion
  1403 | D:5      | Killed a scorpion
  1404 | D:5      | Reached skill level 1 in Stealth
  1404 | D:5      | Reached XP level 5. HP: 36/36 MP: 8/8
  1506 | D:5      | Noticed Menkaure
  1546 | D:5      | Reached XP level 6. HP: 38/43 MP: 1/9
  1585 | D:4      | Found the +3 Mad Mage's Maulers {Infuse+∞ RegenMP Int-3}
  1701 | D:4      | Noticed Ijyb
  1727 | D:4      | Killed Ijyb
  1759 | D:4      | Found a sand-covered staircase.
  1775 | Ossuary  | Entered an ossuary
  2289 | Ossuary  | Reached skill level 1 in Evocations
  2475 | D:5      | Noticed an ice beast
  2564 | D:5      | Reached XP level 7. HP: 44/48 MP: 10/10
  2755 | D:5      | Reached skill level 5 in Dodging
  2979 | D:5      | Reached skill level 5 in Fighting
  3027 | D:5      | Reached skill level 5 in Unarmed Combat
  3027 | D:5      | Reached XP level 8. HP: 55/55 MP: 7/11
  3097 | D:5      | Killed Menkaure
  3606 | D:6      | Noticed Sigmund
  3608 | D:6      | Found Soczeoh's Antique Weapon Boutique.
  3631 | D:6      | Killed Sigmund
  3673 | D:6      | Reached XP level 9. HP: 34/62 MP: 5/12
  3759 | D:6      | Reached skill level 5 in Transmutations
  3779 | D:6      | Learned a level 4 spell: Ice Form
  3872 | D:6      | Found a broken altar of Ashenzari.
  3876 | D:6      | Found an iron altar of Okawaru.
  3879 | D:6      | Found a glowing golden altar of the Shining One.
  4010 | D:6      | Found Jaerchea's Book Shoppe.
  4095 | D:6      | Reached skill level 1 in Ice Magic
  4118 | D:5      | Found a sparkling altar of Nemelex Xobeh.
  4118 | D:5      | Found a shadowy altar of Dithmenos.
  4947 | D:7      | Found a staircase to the Ecumenical Temple.
  4953 | Temple   | Entered the Ecumenical Temple
  5206 | D:7      | Found a runed translucent door.
  5207 | D:7      | Noticed Crazy Yiuf
  5216 | D:7      | Killed Crazy Yiuf
  5276 | D:8      | Reached XP level 10. HP: 71/71 MP: 13/13
  5276 | D:8      | Noticed a two-headed ogre
  6555 | D:9      | Noticed Maggie
  6578 | D:9      | Killed Maggie
  6783 | D:9      | Noticed Erica
  6789 | D:9      | Killed from afar by Erica

Illustrated notes

Levels and vault maps discovered:
D:1:      scummos_arrival_simple_crosswalls, layout_loops_cross,
          minmay_pentomino_t2
D:2:      layout_basic, serial_shops, shop, shop, nicolae_shop_waterfront,
          nicolae_shop_statue_plus, nicolae_shop_bloodbath_and_beyond,
          serial_rivers, chequers_serial_rivers_room_b,
          chequers_serial_rivers_small_3, chequers_serial_rivers_micro_e,
          chequers_serial_rivers_small_a, chequers_serial_rivers_small_3,
          chequers_serial_rivers_micro_d
D:3:      minmay_spotlight, layout_loops_cross, uniq_grinder
D:4:      layout_cave_pools, enter_ossuary_1, uniq_ijyb
D:5:      layout_rooms, nicolae_overflow_hidden_temple, nicolae_wormholes,
          uniq_menkaure
D:6:      layout_loops_ring, minmay_overflow_temple_star_quad, serial_shops,
          kennysheep_mini_moat, kennysheep_windowed_goal, uniq_sigmund
D:7:      layout_rooms, minmay_temple_entry_enclosed_plants,
          uniq_crazy_yiuf_cottage
D:8:      layout_rooms
D:9:      layout_layer_cave, uniq_erica, uniq_maggie
Temple:   bh_familiar_temple

Skill      XL: |  1  2  3  4  5  6  7  8  9 10 |
---------------+-------------------------------+-----
Fighting       | 2 3 4 5 6 7 8 |  8.0
Unarmed Combat | 4 5 6 7 8 |  8.0
Poison Magic   | 2 |  2.0
Stealth        | 1 2 |  2.0
Dodging        | 3 4 5 6 7 8 |  8.0
Evocations     | 2 |  2.0
Transmutations | 3 4 6 |  6.2
Ice Magic      | 2 |  2.0
Spellcasting   | |  2.0

Action                   |  1- 3 |  4- 6 |  7- 9 | 10-12 || total
-------------------------+-------+-------+-------+-------++-------
Melee: Unarmed           |    56 |   191 |   260 |   159 ||   666
       Constrict         |    14 |    44 |    12 |       ||    70
       Tentacles         |    12 |    34 |    19 |       ||    65
       Kick              |     9 |    20 |    10 |       ||    39
       Punch             |     2 |     4 |     5 |       ||    11
 Fire: Sling             |       |    31 |    50 |     6 ||    87
Throw: Dart              |       |       |     2 |       ||     2
 Cast: Beastly Appendage |    14 |    11 |     9 |       ||    34
       Wereblood         |     1 |     4 |     1 |       ||     6
       Spider Form       |       |     7 |    24 |    13 ||    44
       Ice Form          |       |       |     2 |     3 ||     5
 Abil: End Transformatio |       |     2 |     6 |     7 ||    15
Evoke: Wand              |       |     1 |     3 |     1 ||     5
  Use: Potion            |     1 |     1 |       |       ||     2
 Stab: Sleeping          |     1 |    10 |     1 |       ||    12
       Distracted        |       |       |     1 |       ||     1
Armor: Skin              |     4 |    21 |     9 |    11 ||    45
Dodge: Dodged            |    40 |   106 |   166 |   151 ||   463
